 Dungeon Crawl Stone Soup version 0.32-a0-699-g1ee5eff69a (webtiles) character file.

Game seed: 16931006984714799714

176 Griffin23 the Trooper (level 5, -2/47 HPs)
             Began as a Minotaur Fighter on Mar 13, 2024.
             Slain by a gnoll
             ... wielding a +0 spear
              (3 damage)
             ... on level 3 of the Dungeon.
             The game lasted 00:02:58 (1930 turns).

Griffin23 the Trooper (Minotaur Fighter)            Turns: 1930, Time: 00:03:01

Health: -2/47      AC:  7    Str: 19 (21) XL:     5   Next: 30%
Magic:  4/4        EV:  8    Int:  2 (5)  God:
Gold:   127        SH:  4    Dex:  9 (11) Spells: 4/4 levels left

rFire   . . .        a - +0 war axe
rCold   . . .        c - +0 buckler
rNeg    . . .        b - +0 scale mail
rPois   .            (helmet restricted)
rElec   .            (no cloak)
rCorr   .            (no gloves)
SInv    .            (no boots)
Will    .....        (no amulet) Stlth
                     (no ring)
HPRegen 0.27/turn    (no ring)
MPRegen 0.09/turn

%: no passive effects
@: brilliant, attractive
A: horns 2, retaliatory headbutt
a: no special abilities


You were on level 3 of the Dungeon.
You visited 1 branch of the dungeon, and saw 3 of its levels.

You collected 127 gold pieces.

Inventory:

Hand Weapons
 a - a +0 war axe (weapon)
Armour
 b - a +0 scale mail (worn)
 c - a +0 buckler (worn)
Jewellery
 k - a +6 ring of dexterity
Scrolls
 e - a scroll of vulnerability {unknown}
 g - a scroll of fog {unknown}
 h - a scroll of blinking {unknown}
 i - 2 scrolls of fear {unknown}
 l - a scroll of identify {unknown}
 n - a scroll of teleportation {unknown}
Potions
 d - a potion of might
 f - a potion of brilliance
 j - 3 potions of attraction
 o - a potion of lignification {unknown}
 p - a potion of mutation {unknown}


   Skills:
 + Level 4.5 Fighting
 + Level 4.4 Axes
 + Level 4.5 Armour
 + Level 1.2 Dodging
 + Level 1.0 Stealth
 + Level 4.1 Shields


You had 4 spell levels left.
You didn't know any spells.
Your spell library was empty.

Dungeon Overview and Level Annotations

Branches:
Dungeon (3/15)

Altars:

Shops:
D:2 (


Innate Abilities, Weirdness & Mutations

You have a pair of horns on your head.
You reflexively headbutt those who attack you in melee.


Message History

* * * LOW HITPOINT WARNING * * *
The gnoll hits you but does no damage.
You are too injured to fight recklessly!
You are too injured to fight recklessly!
You slash the gnoll!
You kill the gnoll!
You hit the gnoll but do no damage. The gnoll completely misses you.
You block the gnoll's attack.
The gnoll hits you from afar with a +0 spear.
* * * LOW HITPOINT WARNING * * *
You hit the gnoll but do no damage. Your headbutt misses the gnoll.
The gnoll hits you but does no damage.
The gnoll hits you from afar with a +0 spear.
* * * LOW HITPOINT WARNING * * *
You slash the gnoll!
You kill the gnoll!
The gnoll hits you from afar with a +0 spear.
* * * LOW HITPOINT WARNING * * *
The gnoll barely misses you.
Items here: $ ) [ †.
You barely miss the gnoll. The gnoll hits you with a +0 spear.
* * * LOW HITPOINT WARNING * * *
An endoplasm comes into view.
The gnoll hits you with a +0 spear.
* * * LOW HITPOINT WARNING * * *
It was a potion of attraction.
You feel attractive to monsters. The gnoll hits you with a +0 spear.
* * * LOW HITPOINT WARNING * * *
The endoplasm is attracted toward you.
It was a potion of brilliance.
You feel clever all of a sudden. You block the gnoll's attack.
The endoplasm is attracted toward you.
It was a potion of degeneration.
There was something very wrong with that liquid.
You feel weakened.
You feel dopey.
You feel clumsy. The endoplasm hits you.
* * * LOW HITPOINT WARNING * * *
The gnoll hits you with a +0 spear.
You die...

#..... #..... .. #.....
..######+++### ##.....
#.....#......####......
....#.#.............. #
#...........###.....
#.#####$#.##..........###.
##........@......##........
.........gJ##....####......
#.........§####.###........
##.......§.# #.....######.
#......)..# #(.#### #.
#.........# #..# #.
............. ..## #.
#.?.......#####.# ######.
#.........# #.## #......


You could see a gnoll and an endoplasm.

Vanquished Creatures
  An orc wizard (D:3)
  3 gnolls (D:3)
  5 adders
  3 dart slugs
  2 ribbon worms (D:2)
  3 orcs (D:3)
  3 endoplasms
  8 giant cockroaches (D:2)
  6 goblins
  2 hobgoblins (D:1)
  3 jackals (D:1)
  6 kobolds
  2 quokkas
  5 ball pythons
  4 bats (D:1)
  6 frilled lizards
  4 rats
66 creatures vanquished.

Notes
Turn   | Place    | Note
-------+----------+-------------------------------------------
     0 | D:1      | Griffin23 the Minotaur Fighter began the quest for the Orb.
     0 | D:1      | Reached XP level 1. HP: 19/19 MP: 0/0
   215 | D:1      | Reached XP level 2. HP: 27/27 MP: 1/1
   481 | D:1      | Reached XP level 3. HP: 33/33 MP: 2/2
  1043 | D:2      | Found Hoxipni's Weapon Boutique.
  1064 | D:2      | Reached skill level 1 in Dodging
  1167 | D:2      | Reached XP level 4. HP: 34/41 MP: 3/3
  1790 | D:3      | Reached skill level 1 in Stealth
  1790 | D:3      | Reached XP level 5. HP: 29/47 MP: 4/4
  1927 | D:3      | HP: 2/47 [gnoll/+0 spear (2)]
  1930 | D:3      | Slain by a gnoll

Illustrated notes

Levels and vault maps discovered:
D:1:      dpeg_arrival_leaves_temple_mockup, layout_basic, due_unseen_surprise
D:2:      minmay_roachtagon, layout_loops_ring, serial_shops, shop
D:3:      layout_rooms, mainiacjoe_overflow_big_doors,
          mainiacjoe_overflow_paths, mainiacjoe_overflow_surrounded_room,
          grunt_temple_overflow_diamond, solitary_fountain

Skill      XL: |  1  2  3  4 |
---------------+-------------+-----
Shields        | 4 |  4.1
Fighting       | 4 |  4.5
Armour         | 4 |  4.5
Axes           | 3 4 |  4.4
Dodging        | 1 |  1.2
Stealth        | 1 |  1.0

Action                     |  1- 3 |  4- 6 || total
---------------------------+-------+-------++-------
  Melee: War axe           |    80 |    57 ||   137
         Headbutt          |     6 |     9 ||    15
    Use: Potion            |       |     3 ||     3
 Armour: Scale mail        |    65 |    68 ||   133
  Dodge: Dodged            |    48 |    22 ||    70
  Block: Buckler           |    22 |    14 ||    36

Table legend: (Time is in decaauts)
 A = Elapsed time spent in this place.
 B = Non-inter-level travel time spent in this place.
 C = Inter-level travel time spent in this place.
 D = Time resting spent in this place.
 E = Time spent auto-exploring this place.
 F = Levels seen in this place.
 G = Mean time per level.
                   A        B        C        D        E       F      G
               +--------+--------+--------+--------+--------+-----+--------+
         Total |   1981 |   1898 |     83 |      0 |   1545 |   3 |  660.3 |
       Dungeon |   1981 |   1898 |     83 |      0 |   1545 |   3 |  660.3 |
               +--------+--------+--------+--------+--------+-----+--------+

Top non-repeatable levels by time:
     D:1: 976 daAuts
     D:2: 814 daAuts
     D:3: 190 daAuts
